Map: Ruines de Seras

Players

Gapff - Winner!

  • Race: Terran Terran
  • League: Gold
  • Spawn Location: 9:00

zidar

  • Race: Zerg Zerg
  • League: Silver
  • Spawn Location: 3:00

VOD

Have the link to the VOD?

Description

Time

  • Played on: Nov. 27, 2015, 8:47 a.m.
  • Length: 16:44
Show
View Real Time Build Order
Export as new Build Order

Gapff Terran - Winner!

Build Orders:  

Get SALT Encoding   

  12  0:01  SCV  
  13  0:13  SCV  
  14  0:25  SCV  
  14  0:26  Supply Depot  
  15  0:31  Supply Depot  
  15  0:52  SCV  
  15  0:54  Barracks  
  16  1:25  Barracks  
  16  1:35  Barracks  
  16  1:47  Command Center  
  16  1:48  SCV  
  16  1:52  Refinery  
  17  2:02  Marine  
  18  2:14  Supply Depot, Orbital Command  
  18  2:26  Marine x2  
  20  2:50  Barracks Tech Lab  
  20  2:53  SCV  
  21  3:01  Refinery  
  21  3:05  SCV  
  22  3:09  Orbital Command  
  22  3:16  Marine  
  22  3:17  Marine, SCV  
  25  3:21  Marine  
  26  3:27  Stimpack  
  26  3:29  SCV  
  27  3:40  Barracks Tech Lab  
  27  3:41  SCV  
  27  3:45  Barracks Reactor  
  27  3:46  SCV  
  29  3:54  SCV  
  30  3:57  Factory  
  30  3:58  SCV  
  31  4:06  SCV  
  32  4:10  SCV  
  32  4:11  Refinery  
  33  4:18  SCV  
  33  4:20  Combat Shield  
  33  4:22  SCV  
  35  4:27  Marauder  
  35  4:30  SCV  
  38  4:34  SCV  
  39  4:42  SCV  
  40  4:47  Factory Tech Lab, SCV  
  40  4:50  Armory  
  41  4:54  SCV  
  41  4:59  SCV  
  43  5:01  Starport  
  43  5:02  Marauder  
  43  5:06  SCV  
  46  5:10  Supply Depot  
  46  5:32  SCV x2  
  46  5:34  Supply Depot  
  48  5:36  Marauder  
  48  5:40  Hellbat  
  52  5:44  Liberator, SCV x2  
  52  5:48  Terran Vehicle Weapons Level 1  
  54  5:56  SCV x2  
  58  5:57  Supply Depot  
  59  6:08  SCV, Engineering Bay  
  60  6:17  Hellbat  
  62  6:20  SCV  
  62  6:24  Supply Depot  
  63  6:32  SCV  
  64  6:34  Supply Depot  
  64  6:37  Terran Infantry Weapons Level 1  
  64  6:42  Engineering Bay  
  64  6:44  Marine x2, SCV  
  64  6:45  Marine x2  
  69  6:47  Medivac  
  71  6:56  Supply Depot  
  71  7:09  Barracks  
  71  7:13  Barracks  
  71  7:15  Terran Infantry Armor Level 1  
  71  7:17  Medivac  
  73  7:30  Liberator  
  73  7:47  Marine x3  
  73  7:48  Marine  
  80  7:59  Barracks  
  80  8:01  Barracks  
  80  8:05  Marine  
  81  8:06  Marine x3  
  81  8:13  Liberator  
  81  8:14  Missile Turret  
  81  8:20  Missile Turret  
  81  8:23  Marine x2  
  81  8:24  Marine x4  
  90  8:35  Missile Turret, Siege Tank  
  90  8:40  Barracks, Missile Turret  
  90  8:41  Marine  
  94  9:00  Command Center  
  94  9:13  Supply Depot  
  94  9:27  Barracks  
  94  9:34  Marine x7  
  94  9:36  Supply Depot  
  101  9:52  Marine  
  102  9:53  Supply Depot  
  102  9:55  Supply Depot  
  102  9:57  Marine x6, Medivac  
  110  10:00  Supply Depot  
  110  10:04  Supply Depot  
  110  10:12  Marine x2  
  110  10:13  Marine  
  113  10:14  Barracks  
  113  10:15  Marine x6  
  113  10:19  Supply Depot  
  119  10:27  Medivac  
  121  10:29  Marine x2  
  121  10:31  Marine  
  121  10:33  Marine x6  
  130  10:47  Marine x2, Missile Turret  
  130  10:49  Marine  
  133  10:51  Marine x6  
  133  10:54  Terran Infantry Weapons Level 2  
  139  11:02  Terran Infantry Armor Level 2  
  139  11:05  Marine x2  
  139  11:07  Marine  
  139  11:08  Marine x6, Missile Turret  
  139  11:11  Marine  
  149  11:19  Planetary Fortress  
  149  11:23  Marine x2  
  149  11:24  Marine  
  152  11:26  Marine x6  
  152  11:28  Marine  
  112  12:00  Marine x2  
  112  12:01  Marine x6  
  74  12:02  Marine x2  
  74  12:18  Marine x3  
  74  12:19  Marine x6  
  81  12:34  Marine  
  81  12:36  Marine x4  
  81  12:37  Marine x4  
  76  12:42  Siege Tank  
  80  12:47  Marine  
  81  12:52  Marine  
  82  13:12  Marine  
  82  13:13  Marine x2  
  82  13:14  Siege Tank  
  88  13:32  Marine x2  
  88  13:33  Marine x7  
  88  13:34  Marine  
  98  13:41  Medivac  
  98  13:46  Siege Tank  
  103  13:50  Marine x3  
  103  13:51  Marine x7  
  113  14:08  Marine x4  
  113  14:09  Marine x6  
  123  14:11  Medivac  
  80  14:26  Marine x6  
  80  14:27  Marine  
  78  14:41  Hellbat  
  77  15:03  Hellbat  
  79  15:21  Factory  
  79  15:24  Hellbat  
  81  15:37  Marine x4  
  81  15:38  Marine x6  
  91  15:46  Hellbat  
  93  15:54  Marine  
  93  15:55  Marine x5  
  93  15:56  Marine x4  
  102  16:12  Marine  
  102  16:13  Marine x5  
  102  16:14  Marine x4  
Show
View Real Time Build Order
Export as new Build Order

zidar Zerg 

Build Orders: Hatch First, Muta Ling Bane 

Get SALT Encoding   

  12  0:01  Drone  
  13  0:10  Drone  
  14  0:18  Overlord  
  14  0:28  Extractor  
  14  0:29  Drone  
  14  0:40  Drone x2  
  17  0:50  Drone  
  18  1:06  Drone  
  18  1:07  Hatchery  
  18  1:24  Spawning Pool  
  17  1:28  Extractor, Drone  
  17  1:38  Drone  
  18  2:08  Drone x2  
  19  2:11  Overlord  
  19  2:12  Queen  
  22  2:21  Baneling Nest  
  20  2:40  Queen  
  22  2:47  Metabolic Boost  
  22  2:49  Hatchery  
  21  2:52  Drone  
  21  2:55  Drone  
  23  3:08  Drone x2  
  25  3:27  Extractor  
  25  3:32  Zergling x2  
  25  3:33  Zergling x12  
  31  3:38  Overlord  
  31  3:44  Overlord  
  31  4:01  Drone x5  
  36  4:14  Lair  
  36  4:24  Drone x3  
  36  4:31  Queen  
  41  4:35  Baneling  
  41  4:36  Baneling x3  
  41  4:45  Drone x3  
  44  4:47  Drone  
  45  5:09  Extractor x2  
  45  5:14  Centrifical Hooks  
  43  5:21  Spire  
  42  5:36  Drone x4  
  42  5:37  Drone x4  
  42  5:40  Overlord x2  
  50  5:47  Drone x3  
  53  5:59  Evolution Chamber  
  53  6:01  Drone x3  
  53  6:03  Evolution Chamber  
  54  6:05  Drone  
  54  6:06  Drone  
  54  6:08  Drone  
  54  6:10  Drone  
  58  6:25  Pneumatized Carapace  
  58  6:49  Queen  
  58  6:52  Drone  
  58  6:53  Drone x13  
  74  7:10  Overlord x2  
  74  7:17  Zerg Melee Weapons Level 1  
  74  7:18  Zerg Ground Armor Level 1  
  74  7:28  Mutalisk x5  
  74  7:29  Mutalisk  
  84  7:30  Mutalisk  
  75  8:17  Roach Warren  
  74  8:23  Zergling x2  
  74  8:24  Zergling x26  
  88  8:41  Extractor  
  88  8:42  Extractor  
  88  8:44  Baneling  
  88  8:45  Baneling x7  
  86  8:50  Overseer  
  86  9:04  Drone  
  86  9:05  Drone x3  
  90  9:12  Overlord x3  
  90  9:37  Zergling x2  
  90  9:38  Zergling x30  
  106  10:05  Zerg Ground Armor Level 2  
  106  10:08  Zerg Melee Weapons Level 2  
  106  10:14  Hatchery, Infestation Pit  
  106  10:19  Baneling  
  106  10:20  Baneling x11  
  104  10:23  Mutalisk  
  104  10:25  Overlord x3  
  104  10:26  Overlord x2  
  104  10:27  Overlord  
  106  10:29  Overlord  
  106  10:30  Overlord  
  106  10:48  Mutalisk  
  106  10:49  Mutalisk x12  
  112  10:55  Zerg Flyer Weapons Level 1  
  132  10:58  Baneling x4  
  132  11:15  Overseer  
  132  11:17  Drone x5  
  137  11:20  Drone x3  
  137  11:21  Drone  
  141  11:25  Hive  
  85  12:16  Zergling x24  
  85  12:17  Zergling x10  
  86  12:44  Zergling x14  
  86  12:46  Baneling  
  86  12:47  Baneling x15  
  92  12:57  Zerg Melee Weapons Level 3, Zerg Ground Armor Level 3  
  92  13:13  Zergling x2  
  92  13:14  Zergling x24  
  92  13:17  Baneling x8  
  105  13:33  Mutalisk x6  
  117  13:47  Adrenal Glands  
  117  13:52  Zergling x6  
  117  13:53  Zergling x12  
  94  14:56  Hatchery  
  92  15:05  Zergling x20  
  92  15:06  Zergling x10  
  107  15:23  Hatchery  
  106  15:32  Mutalisk  
  106  15:33  Mutalisk x7  
Tags
 
Composition
Muta Ling Bane
Matchup
TvZ
Spawn Locations
Cross Positions
Add a new tag
Caveats
  • Supply blocks, unpowered buildings, or Contaminate may cause inaccurate times.
  • Supply counts are checked every 10 seconds.